 Dungeon Crawl Stone Soup version 0.27.1 (webtiles) character file.

Game seed: 10700071015712148993

5043 ZARRMARR the Martial Artist (level 10, 0/82 HPs)
             Began as a Gnoll Monk on Aug 25, 2021.
             Was an Elder of Okawaru.
             Slain by a troll (9 damage)
             ... on level 8 of the Dungeon.
             The game lasted 00:29:05 (10400 turns).

ZARRMARR the Martial Artist (Gnoll Monk)           Turns: 10400, Time: 00:29:06

Health: 0/82       AC:  8    Str: 14    XL:     10   Next: 55%
Magic:  18/18      EV: 21    Int:  9    God:    Okawaru [****..]
Gold:   373        SH:  0    Dex: 15    Spells: 19/19 levels left

rFire    . . .     SeeInvis .     - Unarmed
rCold    . . .     Faith    .   (no shield)
rNeg     + . .     Spirit   .   l - +0 ring mail {Will+}
rPois    .         Reflect  .   u - +0 helmet
rElec    .         Harm     .   (no cloak)
rCorr    .         Rampage  .   (no gloves)
Will     +....                  (no boots)
Stlth    +.........             (no amulet)
HPRegen  0.23/turn              d - +4 ring of evasion
MPRegen  0.16/turn              n - ring of positive energy

@: confused, heroic, ambrosia-drunk
A: fangs 1, strong nose, distributed training
a: Renounce Religion, Heroism


You were on level 8 of the Dungeon.
You worshipped Okawaru.
Okawaru was greatly pleased with you.
You visited 2 branches of the dungeon, and saw 9 of its levels.

You collected 373 gold pieces.

Inventory:

Hand Weapons
 m - a +2 short sword of venom
 D - a +3 war axe
Missiles
 x - 2 poisoned darts (quivered)
 y - a boomerang of dispersal
 B - 3 throwing nets
Armour
 l - a +0 ring mail of willpower (worn)
 u - a +0 helmet (worn)
Magical Staves
 h - a staff of death
 k - a staff of poison
Jewellery
 d - a +4 ring of evasion (left hand)
 j - a ring of poison resistance
 n - a ring of positive energy (right hand)
 E - an amulet of regeneration
Wands
 b - a wand of flame (12)
 w - a wand of iceblast (9)
Scrolls
 a - a scroll of enchant weapon
 g - 2 scrolls of blinking
 i - a scroll of teleportation
 t - 2 scrolls of fog
 z - a scroll of magic mapping {unknown}
 A - a scroll of silence {unknown}
Potions
 c - 2 potions of haste
 e - a potion of ambrosia
 f - 3 potions of attraction
 o - 2 potions of flight
 p - 2 potions of magic {unknown}
 q - a potion of cancellation {unknown}
 r - 2 potions of might {unknown}
 s - a potion of lignification {unknown}
 v - 2 potions of brilliance {unknown}
 C - a potion of heal wounds {unknown}
 F - a potion of resistance {unknown}


   Skills:
 + Level 8.6(13.6) Fighting
 + Level 5.4(10.4) Short Blades
 + Level 5.4(10.4) Long Blades
 + Level 5.4(10.4) Axes
 + Level 5.4(10.4) Maces & Flails
 + Level 5.4(10.4) Polearms
 + Level 5.4(10.4) Staves
 + Level 5.4(10.4) Slings
 + Level 5.4(10.4) Bows
 + Level 5.4(10.4) Crossbows
 + Level 5.4(10.4) Throwing
 + Level 5.4(10.4) Armour
 + Level 8.6(13.6) Dodging
 + Level 6.9(11.9) Stealth
 + Level 5.4(10.4) Shields
 + Level 8.6(13.6) Unarmed Combat
 + Level 5.4 Spellcasting
 + Level 4.4 Conjurations
 + Level 4.4 Hexes
 + Level 4.4 Summonings
 + Level 4.4 Necromancy
 + Level 4.4 Translocations
 + Level 4.4 Transmutations
 + Level 4.4 Fire Magic
 + Level 4.4 Ice Magic
 + Level 4.4 Air Magic
 + Level 4.4 Earth Magic
 + Level 4.4 Poison Magic
 + Level 5.9 Invocations
 + Level 5.4 Evocations


You had 19 spell levels left.
You didn't know any spells.
Your spell library contained the following spells:

 Spells                   Type           Power      Damage    Failure   Level
 Passwall                 Tmut/Erth      8%         N/A       10%         2
 Ignite Poison            Fire/Tmut/Pois 10%        N/A       21%         3
 Mephitic Cloud           Conj/Pois/Air  10%        N/A       21%         3
 Swiftness                Air            10%        N/A       21%         3
 Bolt of Magma            Conj/Fire/Erth 5%         4d5       88%         5
 Invisibility             Hex            5%         N/A       100%        6


Dungeon Overview and Level Annotations

Branches:
Dungeon (8/15)             Temple (1/1) D:4
   Lair: D:8-11

Altars:
Ashenzari
Cheibriados
Dithmenos
Elyvilon
Fedhas
Gozag
Hepliaklqana
Kikubaaqudgha
Nemelex Xobeh
Okawaru
Qazlal
Ru
Trog
Uskayaw
Vehumet
Wu Jian
Xom
Yredelemnul
Zin

Shops:
D:2 *([(   D:4 =


Innate Abilities, Weirdness & Mutations

You have very sharp teeth.
Your uncanny sense of smell can sniff out nearby items.
Your experience applies equally to all skills.


Message History

The troll claws you but does no damage. The troll misses you.
You hit the troll but do no damage. You punch the troll, but do no damage.
You bite the troll, but do no damage. The white imp gestures at you.
The puff of frost hits you!
You closely miss the troll. You bite the troll, but do no damage.
The troll barely misses you. The troll misses you.
The troll closely misses you. The white imp barely misses you.
You punch the troll!
The troll is moderately wounded.
The troll closely misses you. The troll misses you. The troll claws you.
You hit the troll.
The troll is moderately wounded.
The white imp completely misses you. The troll bites you but does no damage.
The troll closely misses you. The troll misses you.
You hit the troll.
The troll is moderately wounded.
The white imp lashes its tail.
The white imp closely misses you. The troll bites you.
* * * LOW HITPOINT WARNING * * *
The troll misses you. x2
You closely miss the troll.
The troll is moderately wounded.
The white imp barely misses you.
You punch the troll! You bite the troll, but do no damage.
The troll is severely wounded.
The troll closely misses you. The troll completely misses you.
The troll claws you.
* * * LOW HITPOINT WARNING * * *
You hit the troll.
The troll is severely wounded.
The white imp gestures at you. The puff of frost hits you!
* * * LOW HITPOINT WARNING * * *
The troll completely misses you. The troll closely misses you.
The troll misses you.
You are confused.
You feel invigorated. The white imp closely misses you.
The troll closely misses you. The troll barely misses you. The troll claws you!
You die...

#.# ... #.. ..#
... #.. . .. ..#
..# # ∆
..##.##.##..#.#
..............)
#..#.....#...#
#.###5T†###..#
#..#..@..#...#
#..........#.# #
#........###.# #
#.......####.## #
#.............# #
#.(...........###
#
#.......#........
#
####'####.###.###
# #.#....# .# #


You could see a troll and a white imp.

Vanquished Creatures
  Pikel (D:7)
  The ghost of bnorton916 the Vexing, a novice DECj of Vehumet (D:6)
  Joseph (D:7)
  A kobold demonologist (D:8)
  4 yaks (D:8)
  Menkaure (D:7)
  A steam dragon (D:7)
  A water moccasin (D:6)
  Duvessa (D:4)
  An orc warrior (D:5)
  A hornet zombie (D:8)
  An ice beast (D:5)
  2 black bears
  6 necrophages
  3 ogres
  A centaur (D:8)
  A lemure (D:7)
  A kobold brigand (D:6)
  A gnoll sergeant (D:8)
  3 bullfrogs
  Dowan (D:4)
  2 wights (D:8)
  A howler monkey (D:5)
  A bullfrog skeleton (D:6)
  3 hounds
  2 jellies
  A human zombie (D:8)
  2 orc priests (D:3)
  A centaur skeleton (D:6)
  2 iguanas
  6 orc wizards
  3 killer bee zombies (D:8)
  2 hound skeletons (D:4)
  4 gnolls (D:8)
  4 adders
  2 ufetubi
  17 orcs
  8 ball pythons
  5 endoplasms
  3 giant cockroaches (D:3)
  7 goblins
  4 hobgoblins
  3 jackals (D:2)
  9 quokkas
  5 bats
  4 frilled lizards
  19 kobolds
  9 rats
163 creatures vanquished.

Vanquished Creatures (others)
  15 fungi (D:8)
  14 plants (D:8)
29 creatures vanquished.

Grand Total: 192 creatures vanquished

Notes
Turn   | Place    | Note
-------+----------+-------------------------------------------
     0 | D:1      | ZARRMARR the Gnoll Monk began the quest for the Orb.
     0 | D:1      | Reached XP level 1. HP: 23/23 MP: 1/1
   240 | D:1      | Reached XP level 2. HP: 29/29 MP: 2/2
   747 | D:1      | Reached XP level 3. HP: 35/35 MP: 3/3
   980 | D:2      | Found Cigar's Armour Shoppe.
  1203 | D:2      | Found Bekk's Antique Weapon Shoppe.
  1331 | D:2      | Found Rit Req's Antique Weapon Boutique.
  1362 | D:2      | Reached skill level 1 in Invocations
  1391 | D:2      | Reached skill level 1 in Short Blades
  1391 | D:2      | Reached skill level 1 in Long Blades
  1391 | D:2      | Reached skill level 1 in Axes
  1391 | D:2      | Reached skill level 1 in Maces & Flails
  1391 | D:2      | Reached skill level 1 in Polearms
  1391 | D:2      | Reached skill level 1 in Staves
  1391 | D:2      | Reached skill level 1 in Slings
  1391 | D:2      | Reached skill level 1 in Bows
  1391 | D:2      | Reached skill level 1 in Crossbows
  1391 | D:2      | Reached skill level 1 in Throwing
  1391 | D:2      | Reached skill level 1 in Armour
  1391 | D:2      | Reached skill level 1 in Shields
  1391 | D:2      | Reached skill level 1 in Spellcasting
  1391 | D:2      | Reached skill level 1 in Evocations
  1681 | D:2      | Found Najuedai's Assorted Antiques.
  2230 | D:3      | Reached XP level 4. HP: 41/41 MP: 5/5
  2769 | D:3      | Found an ornate altar of the Wu Jian Council.
  3017 | D:4      | Found a staircase to the Ecumenical Temple.
  3024 | Temple   | Entered the Ecumenical Temple
  3224 | Temple   | Became a worshipper of Warmaster Okawaru
  3224 | Temple   | Reached * piety under Okawaru
  3224 | Temple   | Reached ** piety under Okawaru
  3240 | D:4      | Noticed a necrophage
  3255 | D:4      | Killed a necrophage
  3256 | D:4      | Reached skill level 1 in Conjurations
  3256 | D:4      | Reached skill level 1 in Hexes
  3256 | D:4      | Reached skill level 1 in Summonings
  3256 | D:4      | Reached skill level 1 in Necromancy
  3256 | D:4      | Reached skill level 1 in Translocations
  3256 | D:4      | Reached skill level 1 in Transmutations
  3256 | D:4      | Reached skill level 1 in Fire Magic
  3256 | D:4      | Reached skill level 1 in Ice Magic
  3256 | D:4      | Reached skill level 1 in Air Magic
  3256 | D:4      | Reached skill level 1 in Earth Magic
  3256 | D:4      | Reached skill level 1 in Poison Magic
  3256 | D:4      | Reached XP level 5. HP: 47/47 MP: 5/7
  3407 | D:4      | Noticed a black bear
  3424 | D:4      | Killed a black bear
  3425 | D:4      | Reached XP level 6. HP: 6/53 MP: 8/8
  4808 | D:4      | Noticed Duvessa
  4811 | D:4      | Noticed Dowan
  4835 | D:4      | Killed Duvessa
  4835 | D:4      | Reached *** piety under Okawaru
  4836 | D:4      | Reached XP level 7. HP: 17/60 MP: 7/10
  5166 | D:4      | Killed Dowan
  5194 | D:4      | Found Wupni's Jewellery Shop.
  5210 | D:4      | Found an opulent altar of Gozag.
  5265 | D:4      | Reached skill level 5 in Stealth
  5547 | D:5      | Entered Level 5 of the Dungeon
  5772 | D:5      | Found a stormy altar of Qazlal.
  5787 | D:5      | Reached XP level 8. HP: 14/67 MP: 9/12
  6832 | D:6      | Reached **** piety under Okawaru
  7134 | D:6      | Found a shadowy altar of Dithmenos.
  7134 | D:6      | Found a basalt altar of Yredelemnul.
  7440 | D:6      | Found a hide-covered altar of Uskayaw.
  7497 | D:6      | Found a runed translucent door.
  7497 | D:6      | Noticed bnorton916's ghost (novice DECj)
  7760 | D:7      | Reached XP level 9. HP: 72/72 MP: 11/14
  7760 | D:7      | Noticed Pikel
  7800 | D:7      | Killed Pikel
  7960 | D:7      | Noticed Joseph
  7969 | D:7      | Killed Joseph
  8559 | D:7      | Noticed Menkaure
  8569 | D:7      | Killed Menkaure
  8765 | D:7      | Reached skill level 5 in Invocations
  9027 | D:6      | Killed bnorton916's ghost
  9367 | D:8      | Reached XP level 10. HP: 63/80 MP: 15/17
  9517 | D:8      | Found a white marble altar of Elyvilon.
  9544 | D:8      | Reached skill level 5 in Short Blades
  9544 | D:8      | Reached skill level 5 in Long Blades
  9544 | D:8      | Reached skill level 5 in Axes
  9544 | D:8      | Reached skill level 5 in Maces & Flails
  9544 | D:8      | Reached skill level 5 in Polearms
  9544 | D:8      | Reached skill level 5 in Staves
  9544 | D:8      | Reached skill level 5 in Slings
  9544 | D:8      | Reached skill level 5 in Bows
  9544 | D:8      | Reached skill level 5 in Crossbows
  9544 | D:8      | Reached skill level 5 in Throwing
  9544 | D:8      | Reached skill level 5 in Armour
  9544 | D:8      | Reached skill level 5 in Shields
  9544 | D:8      | Reached skill level 5 in Spellcasting
  9544 | D:8      | Reached skill level 5 in Evocations
 10132 | D:8      | Found an ancient bone altar of Kikubaaqudgha.
 10241 | D:8      | Noticed a kobold demonologist
 10267 | D:8      | Killed a kobold demonologist
 10354 | D:8      | Found a sacrificial altar of Ru.
 10400 | D:8      | Slain by a troll

Illustrated notes

Levels and vault maps discovered:
D:1:      dpeg_arrival_stonehenge_12_columns, layout_loops_corners,
          moated_statue, wad_floor_pattern_untrapped
D:2:      layout_basic, serial_shops, nicolae_shop_statue_plus, shop_fountains,
          nicolae_shop_crystal, nicolae_shop_behind_doors,
          amcnicky_mini_pool_small
D:3:      layout_loops_ring, nicolae_overflow_hidden_temple
D:4:      layout_basic, mainiacjoe_overflow_alcove_2,
          minmay_temple_entry_overgrown, minivault_23, kennysheep_windowed_goal,
          uniq_duvessa
D:5:      layout_basic, nicolae_qazlal_scattered_showers, grunt_decor_arrowhead
D:6:      layout_basic, nicolae_uskayaw_dance_studio,
          gammafunk_temple_overflow_wave, gammafunk_ghost_grave
D:7:      layout_loops_ring, kennysheep_generic_room_14, uniq_joseph,
          uniq_menkaure, uniq_pikel
D:8:      layout_basic, lemuel_round_altar, old_standard_altar,
          lemuel_doored_altar, lemuel_mausoleum_altar_kikubaaqudgha,
          grunt_lair_entry_orc_guard_hut, corexii_leaking_fountain,
          minmay_strange_pillars
Temple:   dpeg_chambers_temple

Skill      XL: |  1  2  3  4  5  6  7  8  9 10 |
---------------+-------------------------------+-----
Invocations    | 1 2 3 4 5 |  5.9
Short Blades   | 1 2 3 4 5 |  5.4
Long Blades    | 1 2 3 4 5 |  5.4
Axes           | 1 2 3 4 5 |  5.4
Maces & Flails | 1 2 3 4 5 |  5.4
Polearms       | 1 2 3 4 5 |  5.4
Staves         | 1 2 3 4 5 |  5.4
Slings         | 1 2 3 4 5 |  5.4
Bows           | 1 2 3 4 5 |  5.4
Crossbows      | 1 2 3 4 5 |  5.4
Throwing       | 1 2 3 4 5 |  5.4
Armour         | 1 2 3 4 5 |  5.4
Shields        | 1 2 3 4 5 |  5.4
Spellcasting   | 1 2 3 4 5 |  5.4
Evocations     | 1 2 3 4 5 |  5.4
Conjurations   | 1 2 3 4 |  4.4
Hexes          | 1 2 3 4 |  4.4
Summonings     | 1 2 3 4 |  4.4
Necromancy     | 1 2 3 4 |  4.4
Translocations | 1 2 3 4 |  4.4
Transmutations | 1 2 3 4 |  4.4
Fire Magic     | 1 2 3 4 |  4.4
Ice Magic      | 1 2 3 4 |  4.4
Air Magic      | 1 2 3 4 |  4.4
Earth Magic    | 1 2 3 4 |  4.4
Poison Magic   | 1 2 3 4 |  4.4
Fighting       | 7 8 |  8.6
Dodging        | 7 8 |  8.6
Unarmed Combat | 7 8 |  8.6
Stealth        | 5 6 |  6.9

Action                   |  1- 3 |  4- 6 |  7- 9 | 10-12 || total
-------------------------+-------+-------+-------+-------++-------
Melee: Unarmed           |   127 |   140 |   276 |   164 ||   707
       Bite              |     8 |    21 |    30 |    24 ||    83
       Punch             |     3 |     5 |    11 |     9 ||    28
Throw: Dart              |       |       |     2 |       ||     2
       Boomerang         |       |       |     1 |     2 ||     3
Invok: Heroism           |       |     2 |    18 |     3 ||    23
  Use: Scroll            |     5 |       |     5 |       ||    10
       Potion            |       |     2 |       |     1 ||     3
 Stab: Sleeping          |    13 |     7 |     1 |     4 ||    25
Armor: Robe              |    14 |     5 |       |       ||    19
       Ring mail         |       |    22 |    39 |    37 ||    98
Dodge: Dodged            |    64 |   119 |   205 |   159 ||   547
